 Dungeon Crawl Stone Soup version 0.30.0-29-ga12c61a403 (webtiles) character file.

Game seed: 7096807741847662893

35 qw the Chopper (level 3, -6/23 HPs)
             Began as a Gargoyle Fighter on June 4, 2023.
             Mangled by Sigmund
             ... wielding a +0 scythe
              (8 damage)
             ... on level 2 of the Dungeon.
             The game lasted 00:00:32 (1170 turns).

qw the Chopper (Gargoyle Fighter)                   Turns: 1170, Time: 00:00:32

Health: -6/23      AC: 10    Str: 21    XL:     3   Next: 35%
Magic:  0/3        EV:  9    Int:  8    God:
Gold:   71         SH:  4    Dex:  9    Spells: 2/2 levels left

rFire   . . .        Y - +4 war axe
rCold   . . .        c - +0 buckler
rNeg    + . .        b - +0 scale mail
rPois   inf          (no helmet)
rElec   +            (no cloak)
rCorr   .            (no gloves)
SInv    .            (no boots)
Will    .....        e - amulet of guardian spirit Stlth
                     (no ring)
HPRegen 0.23/turn    (no ring)
MPRegen 0.08/turn

%: guardian spirit
@: no status effects
A: sickness immunity, AC +3, negative energy resistance 1, electricity
resistance, torment resistance 1, petrification resistance
a: no special abilities


You were on level 2 of the Dungeon.
You visited 1 branch of the dungeon, and saw 2 of its levels.

You collected 71 gold pieces.


Innate Abilities, Weirdness & Mutations

You are immune to sickness and miasma.
Your stone body is resilient. (AC +3)
You are immune to poison.
You resist negative energy. (rN+)
You are resistant to electric shocks. (rElec)
You are resistant to unholy torment.
You are immune to petrification.


   Skills:
 - Level 3.2 Fighting
 + Level 3.3 Axes
 - Level 3.2 Armour
 - Level 3.2 Shields


You had 2 spell levels left.
You didn't know any spells.
Your spell library was empty.

Inventory:

Hand Weapons
 j - a +0 whip
 Y - a +4 war axe (weapon)
Missiles
 h - 6 boomerangs (quivered)
Armour
 b - a +0 scale mail (worn)
 c - a +0 buckler (worn)
Jewellery
 e - an amulet of guardian spirit (around neck)
 o - a ring of fire
Scrolls
 a - 2 scrolls of identify
 f - a scroll of noise {unknown}
 g - a scroll of acquirement {unknown}
Potions
 d - a potion of might
 k - a potion of curing
 m - a potion of resistance {unknown}
 n - a potion of haste {unknown}

Dungeon Overview and Level Annotations

Branches:
Dungeon (2/15)

Altars:

Annotations:
D:2 Sigmund


Message History

The bat hits you but does no damage.
You slash the bat!
You kill the bat!
You see here a bat corpse.
Found a stone staircase leading up.
a - a scroll of identify
f - a scroll labelled YRPHIX LOEXIMO You now have 61 gold pieces (gained 12).
a - 2 scrolls of identify (gained 1)
Found a leather armour.
g - a scroll labelled PELEDGHONATT
i - a scroll of enchant weapon
1146 ||| READING scroll of enchant weapon.
As you read the scroll of enchant weapon, it crumbles to dust.
Your +3 war axe glows red for a moment.
1146 ||| ENCHANTING +3 war axe.
You now have 66 gold pieces (gained 5).
You now have 71 gold pieces (gained 5).
Sigmund the Dreaded comes into view.
He is wielding a +0 scythe.
Sigmund shouts!
A bat comes into view.
1162 ||| Stepping ~*~*~tactically~*~*~ (hiding).
Sigmund gestures wildly while chanting.
Sigmund flickers and vanishes!
Deactivating autopickup; reactivate with Ctrl-A.
You throw a boomerang. The boomerang misses the bat.
Something hits you.
You throw a boomerang. The boomerang misses the bat.
Something hits you.
You throw a boomerang. The boomerang closely misses the bat.
You throw a boomerang. Something hits you!
Something hits you but does no damage.
You are too injured to fight recklessly!
You hear some strange, mumbled words.
A magic dart appears from out of thin air!
The magic dart hits you!
You barely miss something. Something hits you.
You slash something! Something hits you!
You die...

#..#..#[.##.##
##..#..#..##.
#...#........
#.#.#.......###
#.#.#..##......
##.#.......#.###
##..###..####.#
#..#####.#.###..####.#
#....b{@.?...........###
#...####.#.###..........
# ##.## ##.##.##### ##
#.##.# #.##.# #.##.#
#.##.# #.##.#


You could see a bat.

Vanquished Creatures
  4 endoplasms (D:1)
  4 giant cockroaches (D:1)
  3 goblins (D:1)
  6 hobgoblins (D:1)
  2 ball pythons (D:1)
  3 bats
  6 kobolds (D:1)
  A rat (D:1)
29 creatures vanquished.

Notes
Turn   | Place    | Note
-------+----------+-------------------------------------------
     0 | D:1      | qw the Gargoyle Fighter began the quest for the Orb.
     0 | D:1      | Reached XP level 1. HP: 14/14 MP: 1/1
     0 | D:1      | 0 ||| qw: Version: 0.2-a-107-g4668610
     0 | D:1      | 0 ||| qw: Game counter: 1222
     0 | D:1      | 0 ||| qw: Always use a shield: true
     0 | D:1      | 0 ||| qw: God list: Okawaru
     0 | D:1      | 0 ||| qw: Allow faded altars: false
     0 | D:1      | 0 ||| qw: Do Orc after D:15 true
     0 | D:1      | 0 ||| qw: Do second Lair branch before Depths: true
     0 | D:1      | 0 ||| qw: Lair rune preference: random
     0 | D:1      | 0 ||| qw: Plans: Normal, Zot:1-4, Slime:5, God:TSO, Crypt,
                  | Tomb, Abyss, Pan, Hells, Win
     0 | D:1      | 0 ||| PLANNING D:1-11
   105 | D:1      | Reached XP level 2. HP: 19/19 MP: 2/2
   141 | D:1      | 141 ||| Stepping ~*~*~tactically~*~*~ (hiding).
   164 | D:1      | 164 ||| Stepping ~*~*~tactically~*~*~ (hiding).
   166 | D:1      | 166 ||| Stepping ~*~*~tactically~*~*~ (hiding).
   167 | D:1      | 167 ||| Stepping ~*~*~tactically~*~*~ (hiding).
   168 | D:1      | 168 ||| Stepping ~*~*~tactically~*~*~ (hiding).
   170 | D:1      | 170 ||| Stepping ~*~*~tactically~*~*~ (hiding).
   402 | D:1      | 402 ||| Stepping ~*~*~tactically~*~*~ (stealth).
   513 | D:1      | 513 ||| Stepping ~*~*~tactically~*~*~ (stealth).
   516 | D:1      | 516 ||| Stepping ~*~*~tactically~*~*~ (stealth).
   527 | D:1      | 527 ||| DROPPING +0 club.
   543 | D:1      | Found a faded altar of an unknown god.
   585 | D:1      | Reached skill level 3 in Axes
   620 | D:1      | Reached XP level 3. HP: 23/23 MP: 3/3
  1065 | D:1      | 1065 ||| UPGRADING to amulet of guardian spirit.
  1070 | D:1      | 1070 ||| READING scroll labelled ICEFEH DOICVIARYA.
  1071 | D:1      | 1071 ||| READING 3 scrolls labelled AMUGET LAPTUS.
  1072 | D:1      | 1072 ||| READING 2 scrolls of enchant weapon.
  1072 | D:1      | 1072 ||| ENCHANTING +1 war axe.
  1073 | D:1      | 1073 ||| READING scroll of enchant weapon.
  1073 | D:1      | 1073 ||| ENCHANTING +2 war axe.
  1074 | D:1      | 1074 ||| READING scroll labelled FOULYU YNAXT.
  1075 | D:1      | 1075 ||| READING scroll labelled MIWIYNOLUG.
  1076 | D:1      | 1076 ||| DRINKING 2 golden potions.
  1146 | D:2      | 1146 ||| READING scroll of enchant weapon.
  1146 | D:2      | 1146 ||| ENCHANTING +3 war axe.
  1161 | D:2      | Noticed Sigmund
  1162 | D:2      | 1162 ||| Stepping ~*~*~tactically~*~*~ (hiding).
  1168 | D:2      | HP: 2/23 [something/magic dart (6)]
  1170 | D:2      | Mangled by Sigmund

Levels and vault maps discovered:
D:1:      dpeg_arrival_line_fractal, layout_loops_corners,
          hellmonk_ecumenical_altar_pennies_from_heaven,
          minmay_misc_feat_enclosed, chequers_serial_rivers_large_a,
          minmay_close_crescents
D:2:      layout_loops_ring, uniq_sigmund

Skill      XL: |  1  2 |
---------------+-------+-----
Axes           | 2 3 |  3.3
Fighting       | |  3.2
Armour         | |  3.2
Shields        | |  3.2

Action                     || total
---------------------------++-------
  Melee: War axe           ||    74
  Throw: Boomerang         ||    19
    Use: Scroll            ||     7
         Potion            ||     1
 Armour: Scale mail        ||    32
  Dodge: Dodged            ||    32
  Block: Buckler           ||    13

Table legend:
 A = Non-vault XP
 B = Vault XP
 C = Vault XP percentage of total XP
 D = Non-vault monster count
 E = Vault monster count
 F = Vault count percentage of total count
                 A         B        C        D         E       F
            +---------+---------+-------+---------+---------+-------
      Total |      47 |       4 |   7.8 |      26 |       3 |  10.3
            +---------+---------+-------+---------+---------+-------
        D:1 |      46 |       4 |   8.0 |      25 |       3 |  10.7
        D:2 |       1 |       0 |   0.0 |       1 |       0 |   0.0
            +---------+---------+-------+---------+---------+-------
